 Dungeon Crawl Stone Soup version 0.20.1-2-g1830e616b0 (webtiles) character file.

26577 Pixllover the Spear-Bearer (level 12, -3/113 HPs)
             Began as a Minotaur Berserker on June 14, 2019.
             Was a High Priest of Trog.
             Splashed by an acid blob's acid (14 damage)
             ... on level 1 of the Pits of Slime.
             The game lasted 00:55:35 (15534 turns).

Pixllover the Spear-Bearer (Minotaur Berserker)    Turns: 15534, Time: 00:55:35

Health: -3/113     AC: 10    Str: 27    XL:     12   Next: 99%
Magic:  1/6        EV: 12    Int:  8    God:    Trog [*****.]
Gold:   981        SH:  0    Dex: 12    Spells: 11/11 levels left

rFire    + . .     SeeInvis +   M - +7 rapier (antimagic)
rCold    + + .     Gourm    +   (no shield)
rNeg     . . .     Faith    .   m - +2 chain mail {rC+}
rPois    .         Spirit   .   (helmet restricted)
rElec    .         Reflect  .   U - scarf {cloud immunity}
rCorr    .         Harm     .   D - +0 pair of gloves of Chimes {MP+9 Int+2 Slay+2}
MR       +....                  x - +0 pair of boots
Stlth    ..........             J - amulet of the gourmand
Regen    0.3/turn               y - ring of protection from fire
MPRegen  0.1/turn               f - ring of ice

@: corroded
A: retaliatory headbutt, horns 2, see invisible, agile 1, clever 1,
deterioration 1, fire resistance 1, magic resistance 1
a: Berserk, Trog's Hand, Brothers in Arms, Burn Spellbooks, Renounce Religion


You were on level 1 of the Pits of Slime.
You worshipped Trog.
Trog was extremely pleased with you.
You were completely stuffed.

You visited 3 branches of the dungeon, and saw 19 of its levels.
You also visited: Ossuary.

You collected 981 gold pieces.

Inventory:

Hand Weapons
 I - the +3 trident "Okkesul" {flame, *Slow rF+ rN+ Dex+4}
   (You found it on level 6 of the Dungeon)

   It has been specially enchanted to burn those struck by it, causing extra
   injury to most foes and up to half again as much damage against particularly
   susceptible opponents.
   It affects your dexterity (+4).
   It protects you from fire.
   It protects you from negative energy.
   It may slow you when you take damage.
 M - a +7 antimagic rapier (weapon)
 T - a +4 antimagic glaive
Missiles
 q - 110 poisoned needles
 O - 2 tomahawks of returning (quivered)
Armour
 m - a +2 chain mail of cold resistance (worn)
 x - a +0 pair of boots (worn)
 D - the +0 pair of gloves of Chimes (worn) {MP+9 Int+2 Slay+2}
   (You found it on level 5 of the Dungeon)

   It affects your intelligence (+2).
   It affects your accuracy and damage with ranged weapons and melee attacks
   (+2).
   It affects your magic capacity (+9).
 U - a scarf of cloud immunity (worn)
Jewellery
 f - a ring of ice (right hand)
 y - a ring of protection from fire (left hand)
 J - an amulet of the gourmand (around neck)
Wands
 g - a wand of disintegration (11/24)
 s - a wand of paralysis (8/24)
 w - a wand of flame (21/48)
 E - a wand of paralysis (15/24)
 L - a wand of iceblast (8/15)
 P - a wand of paralysis (6/24)
 Q - a wand of random effects (29/48)
 R - a wand of acid (7/15)
 V - a wand of clouds (3/9)
Scrolls
 a - 3 scrolls of fear
 d - 3 scrolls of teleportation
 j - 8 scrolls of remove curse
 k - a scroll of blinking
 l - 4 scrolls of enchant armour
 p - 3 scrolls of recharging
 t - 4 scrolls of enchant weapon
 B - 4 scrolls of identify
 F - 2 scrolls of immolation
 G - 2 scrolls of fog
 H - 3 scrolls of magic mapping
Potions
 e - 3 potions of flight
 i - 2 potions of haste
 o - a potion of heal wounds
 r - 3 potions of agility
 u - 3 potions of brilliance
 v - 4 potions of lignification
 z - 7 potions of curing
 A - a potion of berserk rage
 C - 3 potions of might
Comestibles
 b - 8 chunks of flesh
 c - 8 bread rations
 h - 6 royal jellies
 N - 5 meat rations
 S - 9 fruits


   Skills:
 + Level 12.5 Fighting
 + Level 5.8 Short Blades
   Level 4.3 Maces & Flails
 + Level 14.8 Polearms
 + Level 0.2 Throwing
 + Level 13.4 Armour
 + Level 6.4 Dodging
 + Level 3.9 Stealth


You had 11 spell levels left.
You didn't know any spells.

Dungeon Overview and Level Annotations

Branches:
Dungeon (12/15)            Temple (0/1) D:6            Lair (6/6) D:8
  Swamp (0/4) Lair:3       Spider (0/4) Lair:3        Slime (1/5) Lair:6
    Orc (0/2) D:12

Altars:
Cheibriados
Dithmenos
Makhleb
Nemelex Xobeh
Okawaru
Qazlal
Ru
Sif Muna
Trog
Vehumet
Xom
Yredelemnul
Zin
The Shining One
Jiyva

Shops:
D:5 *

Portals:
Labyrinth: Lair:3


Innate Abilities, Weirdness & Mutations

You reflexively headbutt those who attack you in melee.
You have a pair of horns on your head.
You have supernaturally acute eyesight. (SInv)
You are agile. (Dex +2)
Your mind is acute. (Int +2)
Your body sometimes deteriorates upon taking damage.
Your flesh is heat resistant. (rF+)
You are resistant to hostile enchantments. (MR+)


Message History

The slime creature hits you. The acid blob spits acid at you.
The splash of acid hits you! The acid corrodes you!
You are splashed with acid!
The acid burns!
* * * LOW HITPOINT WARNING * * *
The acid blob spits acid at you. The splash of acid hits you!
* * * LOW HITPOINT WARNING * * *
You are splashed with acid!
The acid burns!
* * * LOW HITPOINT WARNING * * *
Unknown command.
You feel much better. The slime creature hits you.
* * * LOW HITPOINT WARNING * * *
Two slime creatures merge to form a large slime creature.
A slime creature comes into view.
The acid blob spits acid at you. The splash of acid hits you!
* * * LOW HITPOINT WARNING * * *
The acid corrodes you!
You are splashed with acid!
The acid burns!
You die...

#.## ...# #...
##.#.## . ##
#.....#..
##.###..#...# #
#...#.......#.
##.##....@.......
.......J.........
.......J.......#.
.#...............
.....####........
...J ##.......
... ..#.... ..
....... . .....#.


You could see an acid blob, a large slime creature and a slime creature.

Vanquished Creatures
  5 hydras
  A catoblepas (Lair:4)
  A two-headed ogre (D:9)
  The ghost of Kziril the Fighter, a novice DsCK of Xom (D:8)
  2 ugly things
  A manticore (D:12)
  4 black mambas
  A gargoyle (D:12)
  5 spiny frogs
  4 komodo dragons
  A rime drake (Lair:4)
  A polar bear (Lair:3)
  4 trolls
  2 hornets
  2 hippogriffs
  Prince Ribbit (D:8)
  5 dream sheep (Lair:6)
  3 blink frogs (Lair:2)
  A spriggan (D:7)
  14 yaks
  The ghost of Merkmirnix the Chopper, an amateur MiBe of Trog (D:3)
  A basilisk (Lair:2)
  2 hungry ghosts
  A steam dragon (Lair:4)
  The ghost of fluff the Poker, an amateur DsGl (D:4)
  9 water moccasins
  An acid dragon (D:12)
  A soldier ant (D:11)
  3 porcupines
  5 orc warriors
  An eye of draining (Slime:1)
  3 black bears
  3 sky beasts
  2 phantoms
  5 ice beasts
  7 ogres
  8 centaurs
  8 crocodiles
  5 big kobolds
  13 bullfrogs
  4 gnoll sergeants (D:12)
  A wyvern zombie (D:10)
  A water moccasin zombie (D:9)
  9 killer bees
  13 wights
  A howler monkey (D:5)
  5 crimson imps
  2 centaur zombies (Ossuary)
  2 jellies
  3 bullfrog skeletons
  8 orc priests
  3 hounds
  Jessica (D:3)
  Ijyb (D:4)
  Terence (D:2)
  3 iguanas
  9 orc wizards
  11 worker ants
  A hound zombie (D:7)
  A howler monkey zombie (D:10)
  4 mummies (Ossuary)
  3 worker ant zombies
  6 gnolls
  15 adders
  5 shadow imps
  5 oozes
  3 adder skeletons
  An adder zombie (D:3)
  A worm (D:4)
  8 dart slugs
  8 leopard geckos
  39 orcs
  5 ball pythons
  5 giant cockroaches
  3 gnoll zombies (Ossuary)
  10 goblins
  12 hobgoblins
  6 jackals
  4 quokkas
  16 bats
  A frilled lizard (D:1)
  A goblin zombie (Ossuary)
  A hobgoblin zombie (Ossuary)
  A jackal skeleton (D:4)
  A jackal zombie (D:5)
  13 kobolds
  A leopard gecko skeleton (D:6)
  An orc zombie (Ossuary)
  5 rats
  A bush (Lair:1)
404 creatures vanquished.

Vanquished Creatures (collateral kills)
  A porcupine (Lair:3)
  A bullfrog (Lair:3)
2 creatures vanquished.

Vanquished Creatures (others)
  3 plants
3 creatures vanquished.

Grand Total: 409 creatures vanquished

Notes
Turn   | Place    | Note
-------+----------+-------------------------------------------
     0 | D:1      | Pixllover the Minotaur Berserker began the quest for the Orb.
     0 | D:1      | Reached XP level 1. HP: 19/19 MP: 0/0
   323 | D:1      | Reached XP level 2. HP: 26/27 MP: 1/1
   577 | D:1      | Reached XP level 3. HP: 31/33 MP: 2/2
   965 | D:2      | Noticed Terence
   980 | D:2      | Killed Terence
   980 | D:2      | Reached XP level 4. HP: 38/41 MP: 3/3
  1078 | D:2      | Reached ** piety under Trog
  1266 | D:2      | Reached skill level 1 in Short Blades
  1540 | D:3      | Noticed Jessica
  1544 | D:3      | Killed Jessica
  1544 | D:3      | Reached skill level 5 in Fighting
  1546 | D:3      | Reached XP level 5. HP: 48/48 MP: 4/4
  1651 | D:3      | Noticed Merkmirnix's ghost (amateur MiBe)
  1667 | D:3      | Killed Merkmirnix's ghost
  1667 | D:3      | Reached XP level 6. HP: 35/56 MP: 5/5
  1772 | D:3      | Found a sparkling altar of Nemelex Xobeh.
  1925 | D:3      | Found a snail-covered altar of Cheibriados.
  2002 | D:3      | Found a burning altar of Makhleb.
  2094 | D:3      | Found a glowing golden altar of the Shining One.
  2278 | D:4      | Noticed fluff's ghost (amateur DsGl)
  2281 | D:4      | Noticed an ice beast
  2287 | D:4      | Killed fluff's ghost
  2287 | D:4      | Reached skill level 5 in Armour
  2290 | D:4      | Reached *** piety under Trog
  2299 | D:4      | Killed an ice beast
  2299 | D:4      | Reached XP level 7. HP: 62/62 MP: 6/6
  2350 | D:4      | Found a shimmering altar of Xom.
  2370 | D:4      | Gained mutation: You are partially covered in iridescent scales. (AC +2) [potion of mutation]
  2370 | D:4      | Gained mutation: Your spells are a little harder to cast, but a little more powerful. [potion of mutation]
  2370 | D:4      | Gained mutation: Your mind is acute. (Int +2) [potion of mutation]
  2371 | D:4      | Lost mutation: Your spells are a little harder to cast, but a little more powerful. [potion of mutation]
  2371 | D:4      | Lost mutation: Your mind is acute. (Int +2) [potion of mutation]
  2371 | D:4      | Gained mutation: You are dopey. (Int -2) [potion of mutation]
  2371 | D:4      | Gained mutation: You are resistant to hostile enchantments. (MR+) [potion of mutation]
  2870 | D:4      | Noticed Ijyb
  2889 | D:4      | Killed Ijyb
  2924 | D:4      | Reached skill level 1 in Polearms
  3214 | D:5      | Entered Level 5 of the Dungeon
  3243 | D:5      | Reached skill level 2 in Polearms
  3365 | D:5      | Reached XP level 8. HP: 70/70 MP: 7/7
  3389 | D:5      | Found Xihiys's Serpentskin Sales.
  3461 | D:5      | Found a sand-covered staircase.
  3466 | Ossuary  | Entered an ossuary
  3533 | Ossuary  | Reached skill level 1 in Stealth
  3741 | Ossuary  | Reached skill level 3 in Polearms
  3764 | Ossuary  | Reached **** piety under Trog
  3954 | D:5      | Found a radiant altar of Vehumet.
  3954 | D:5      | Found a shadowy altar of Dithmenos.
  3963 | D:5      | Found a glowing silver altar of Zin.
  3970 | D:5      | Found a bloodstained altar of Trog.
  3972 | D:5      | Found a sacrificial altar of Ru.
  4266 | D:5      | Got a pair of shimmering gloves
  4272 | D:5      | Identified the cursed +0 pair of gloves of Chimes {MP+9 Int+2 Slay+2} (You found it on level 5 of the Dungeon)
  4425 | D:6      | Reached skill level 4 in Polearms
  4616 | D:6      | Got a crude trident
  4617 | D:6      | Identified the +3 trident "Okkesul" {flame, *Slow rF+ rN+ Dex+4} (You found it on level 6 of the Dungeon)
  4655 | D:6      | Found a staircase to the Ecumenical Temple.
  4949 | D:6      | Lost mutation: You are dopey. (Int -2) [potion of mutation]
  4949 | D:6      | Lost mutation: You are partially covered in iridescent scales. (AC +2) [potion of mutation]
  4949 | D:6      | Lost mutation: You are resistant to hostile enchantments. (MR+) [potion of mutation]
  4949 | D:6      | Gained mutation: Your flesh is heat resistant. (rF+) [potion of mutation]
  4949 | D:6      | Gained mutation: You have supernaturally acute eyesight. (SInv) [potion of mutation]
  4949 | D:6      | Gained mutation: You are resistant to hostile enchantments. (MR+) [potion of mutation]
  5108 | D:6      | Reached skill level 5 in Polearms
  5497 | D:7      | Reached skill level 6 in Polearms
  5497 | D:7      | Reached XP level 9. HP: 79/79 MP: 8/8
  5526 | D:7      | Reached skill level 7 in Polearms
  5652 | D:7      | Found a deep blue altar of Sif Muna.
  5735 | D:7      | Reached ***** piety under Trog
  5886 | D:8      | Found a staircase to the Lair.
  5888 | D:8      | Noticed Kziril's ghost (novice DsCK)
  5899 | D:8      | Killed Kziril's ghost
  5899 | D:8      | Reached skill level 9 in Polearms
  6013 | D:8      | Noticed Prince Ribbit
  6022 | D:8      | Killed Prince Ribbit
  6237 | D:8      | Reached XP level 10. HP: 68/88 MP: 9/9
  6272 | D:8      | Gained mutation: Your body sometimes deteriorates upon taking damage. [mutagenic meat]
  6274 | D:8      | Gained mutation: Your mind is acute. (Int +2) [mutagenic meat]
  6275 | D:8      | Gained mutation: You are agile. (Dex +2) [mutagenic meat]
  6417 | D:8      | Found an iron altar of Okawaru.
  6571 | D:9      | Reached skill level 10 in Polearms
  6833 | D:9      | Noticed a two-headed ogre
  6836 | D:9      | Killed a two-headed ogre
  7081 | D:9      | Received a gift from Trog
  7081 | D:9      | Reached skill level 5 in Dodging
  7221 | D:9      | Reached skill level 11 in Polearms
  7760 | D:9      | Reached skill level 10 in Armour
  7809 | D:9      | Found a stormy altar of Qazlal.
  7891 | D:10     | Entered Level 10 of the Dungeon
  7977 | D:10     | Noticed a four-headed hydra
  8024 | D:10     | Killed a four-headed hydra
  8024 | D:10     | Reached XP level 11. HP: 62/97 MP: 10/10
  8499 | D:11     | Reached skill level 12 in Polearms
  8505 | D:11     | Noticed a brown ugly thing
  8515 | D:11     | Killed a brown ugly thing
  8543 | D:11     | Paralysed by a hornet for 1 turns
  8682 | D:11     | Reached skill level 10 in Fighting
  8946 | D:12     | Found a basalt altar of Yredelemnul.
  9069 | D:12     | Noticed a red ugly thing
  9081 | D:12     | Killed a red ugly thing
  9386 | D:12     | Paralysed by a hornet for 1 turns
  9393 | D:12     | Found a staircase to the Orcish Mines.
  9394 | D:12     | Reached skill level 13 in Polearms
  9763 | D:12     | Received a gift from Trog
  9993 | Lair:1   | Entered Level 1 of the Lair of Beasts
 10971 | Lair:2   | Noticed an eight-headed hydra
 10985 | Lair:2   | Killed a 12-headed hydra
 10985 | Lair:2   | Reached XP level 12. HP: 35/110 MP: 6/11
 11031 | Lair:2   | Noticed a six-headed hydra
 11050 | Lair:2   | Noticed a seven-headed hydra
 11059 | Lair:2   | Killed a ten-headed hydra
 11061 | Lair:2   | Killed a seven-headed hydra
 11061 | Lair:2   | Reached skill level 14 in Polearms
 11614 | Lair:3   | Found a labyrinth entrance.
 12018 | Lair:4   | Noticed a five-headed hydra
 12026 | Lair:4   | Killed an 11-headed hydra
 13595 | Lair:4   | Received a gift from Trog
 13756 | Lair:4   | Noticed a catoblepas
 13779 | Lair:4   | Killed a catoblepas
 14702 | Lair:5   | Reached skill level 5 in Short Blades
 14935 | Lair:6   | Entered Level 6 of the Lair of Beasts
 15509 | Lair:6   | Found a viscous altar of Jiyva.
 15510 | Lair:6   | Found a staircase to the Slime Pits.
 15521 | Slime:1  | Entered Level 1 of the Pits of Slime
 15525 | Slime:1  | Noticed an acid blob
 15532 | Slime:1  | HP: 1/113 [acid (10)]
 15534 | Slime:1  | Splashed by an acid blob's acid

Skill      XL: |  1  2  3  4  5  6  7  8  9 10 11 12 |
---------------+-------------------------------------+-----
Maces & Flails | 4 |  4.3
Fighting       | 4 5 6 7 8 9 11 12 | 12.5
Armour         | 3 4 5 6 7 8 10 11 13 | 13.4
Short Blades   | 1 2 3 4 5 |  5.8
Dodging        | 3 4 5 6 |  6.4
Polearms       | 2 6 9 11 13 14 | 14.8
Stealth        | 2 3 |  3.9
Throwing       | |  0.2

Action                   |  1- 3 |  4- 6 |  7- 9 | 10-12 || total
-------------------------+-------+-------+-------+-------++-------
Melee: Dagger            |    42 |   117 |     2 |       ||   161
       Mace              |    12 |       |       |       ||    12
       Headbutt          |    10 |    23 |    86 |   162 ||   281
       Spear             |       |       |   217 |       ||   217
       Trident           |       |       |   132 |   339 ||   471
       Glaive            |       |       |       |   150 ||   150
       Rapier            |       |       |       |    89 ||    89
Throw: Tomahawk          |       |       |       |     2 ||     2
Invok: Berserk           |       |     2 |     1 |     3 ||     6
       Burn Spellbooks   |       |       |       |     4 ||     4
       Brothers in Arms  |       |       |       |     1 ||     1
  Use: Scroll            |     7 |     2 |    16 |    11 ||    36
       Potion            |       |     1 |     3 |    20 ||    24
 Stab: Petrified         |       |       |     5 |       ||     5
       Confused          |       |       |     1 |       ||     1
       Invisible         |       |       |     2 |     2 ||     4
  Eat: Chunk             |       |     5 |    11 |    61 ||    77
       Bread ration      |       |       |     1 |       ||     1
Armor: Ring mail         |    24 |     3 |       |       ||    27
       Animal skin       |     1 |       |       |       ||     1
       Chain mail        |       |    77 |   207 |   317 ||   601
       Skin              |       |       |       |     4 ||     4
Dodge: Dodged            |    39 |    51 |   169 |   454 ||   713
